[Event "Early-Titled-Tuesday-Blitz-October-24-2023"]
[Site "Chess.com"]
[Date "2023.10.24"]
[Round "8"]
[White "Sjakkerntobi"]
[Black "Russian_berezka"]
[Result "1-0"]
[WhiteElo "2502"]
[BlackElo "2664"]
[TimeControl "180+1"]
[EndTime "9:26:14 PDT"]
[Termination "Sjakkerntobi won by resignation"]

1. e4 e5 2. Nf3 Nc6 3. Bc4 Bc5 4. c3 Nf6 5. d3 d6 6. O-O h6 7. Re1 a6 8. a4 Ba7 9. Nbd2 Ng4 10. Re2 Qf6 11. Nf1 g5 12. Ne3 Nxe3 13. Bxe3 Bg4 14. Re1 Bxf3 15. Qxf3 Qxf3 16. gxf3 Bxe3 17. fxe3 Ke7 18.
b4 Rhg8 19. h3 h5 20. Kf2 Rg6 21. Rg1 Nd8 22. Ke2 c6 23. b5 a5 24. bxc6 bxc6 25.
Rab1 Kd7 26. Rb2 Kc7 27. d4 Ne6 28. Bxe6 fxe6 29. Rgb1 Ra7 30. Rb8 Rg7 31. Rh8 h4 32. Rbb8 Rb7 33. Rhc8+ Kb6 34. Rxb7+ Kxb7 35. Re8 exd4 36.
exd4 Rg6 37. Kd3 Rf6 38. Ke3 Kb6 39. Rg8 c5 40. Rxg5 cxd4+ 41. cxd4 Rf8 42. Rb5+ Ka6 43. Rh5 Rc8 44. Rh6 Rc4 45. Rxe6 Rxa4 46. Rxd6+ Kb5 47. e5 Ra1 48. e6 a4 49. d5 a3 50. Rd8 a2 51. Ra8 Re1+ 52. Kd4 a1=Q+ 53. Rxa1 Rxa1 54. f4 Rd1+ 55. Ke4 Kc5 56. f5 Kd6 57. f6 Re1+ 58.
Kf5 Kxd5 59. e7 Kd6 60. Kg6 Kd7 61. Kf7 Rg1 62. e8=Q+ 1-0

[Event "Early-Titled-Tuesday-Blitz-October-24-2023"]
[Site "Chess.com"]
[Date "2023.10.24"]
[Round "8"]
[White "Sofia_Blokhin"]
[Black "FlemingA"]
[Result "0-1"]
[WhiteElo "2258"]
[BlackElo "2446"]
[TimeControl "180+1"]
[EndTime "9:26:14 PDT"]
[Termination "FlemingA won on time"]

1. d4 e6 2. c4 c5 3. d5 exd5 4. cxd5 Nf6 5. Nc3 g6 6. e4 d6 7. Bf4 Bg7 8. h3 O-O 9. Nf3 Re8 10. Nd2 a6 11. a4 Bf5 12. Bd3 Nxe4 13. Ncxe4 Bxe4 14. Bxe4 f5 15. O-O fxe4 16. Qc2 Qf6 17. Bg3 Nd7 18. Nxe4 Qf5 19. f3 Bd4+ 20. Kh1 Qxd5 21.
Nxd6 Re6 22. Ne4 Rae8 23. Rad1 Nf6 24. Nxf6+ Rxf6 25. Rfe1 Rxe1+ 26. Rxe1 Re6 27. Rxe6 Qxe6 28. b3 Qe3 29. Qc4+ Kg7 30. Qf1 Qxb3 31. Bf2 Qxa4 32.
Bxd4+ Qxd4 33. Qb1 b5 34. Qa2 Qd1+ 35. Kh2 Qd6+ 36. Kh1 b4 37. Qa1+ Kg8 38. Qa2+ Kf8 39. Qb2 Kf7 40. Qh8 Ke6 41. Qxh7 Kd5 42. Qb7+ Kd4 43. Qe4+ Kc3 44. Qe3+ Kb2 45. Qe2+ Ka3 46. Qe3+ b3 47. Qc1+ Kb4 48. Qe1+ Kb5 49. Qe2+ c4 50. Qe8+ Kb4 51. Qe1+ c3 52. Qe4+ Ka3 53. Qb1 b2 54. h4 Qd2 55. Qxg6 Qc1+ 56. Kh2 b1=Q 57. Qxa6+ Kb2 0-1

[Event "Early-Titled-Tuesday-Blitz-October-24-2023"]
[Site "Chess.com"]
[Date "2023.10.24"]
[Round "8"]
[White "AsselLesbekova"]
[Black "Josgar05"]
[Result "1-0"]
[WhiteElo "2258"]
[BlackElo "2354"]
[TimeControl "180+1"]
[EndTime "9:26:14 PDT"]
[Termination "AsselLesbekova won by checkmate"]

1. e4 c5 2. Nf3 Nc6 3. Bb5 d6 4. e5 d5 5. d4 Bg4 6. c3 e6 7. h3 Bxf3 8. Qxf3 Qa5 9. Bxc6+ bxc6 10. O-O Ne7 11. dxc5 Qxc5 12. b4 Qb6 13. Be3 Qc7 14.
Bf4 Ng6 15. Qe3 Be7 16. Nd2 c5 17. a3 O-O 18. Bg3 Rac8 19. Rac1 Rfd8 20. Kh2 Qb6 21. Nb3 Qb5 22. f4 Qa4 23. Nxc5 Bxc5 24. bxc5 Qxa3 25. Bf2 Qa4 26. Bg1 Rc7 27. Ra1 Qc4 28. f5 exf5 29. e6 fxe6 30. Qxe6+ Kh8 31. Bd4 Qd3 32.
Rae1 Nf8 33. Qxf5 Qxf5 34. Rxf5 Ng6 35. Rxd5 Rf8 36. Rd6 Nf4 37. Rf1 Rcf7 38. Be5 Ng6 39. Rxf7 Rxf7 40. Rd8+ Nf8 41. Bd6 g6 42. Rxf8+ Rxf8 43.
Bxf8 Kg8 44. Bh6 Kf7 45. c6 Ke6 46. c7 Kd7 47. Bf4 Kc8 48. Bd6 a5 49. Kg3 a4 50.
Kf4 Kd7 51. Ke5 a3 52. Bxa3 Kxc7 53. Kf6 Kd7 54. Kg7 Ke6 55. Kxh7 Kf5 56. c4 g5 57. c5 Kf4 58. c6 Kg3 59. Be7 Kxg2 60. Bxg5 Kxh3 61.
c7 Kg4 62. c8=Q+ Kxg5 63. Qf8 Kh5 64. Kg7 Kg5 65. Qf6+ Kh5 66. Qg6+ Kh4 67. Kf6 Kh3 68. Kf5 Kh2 69. Kf4 Kh1 70. Kf3 Kh2 71. Qg2# 1-0

[Event "Early-Titled-Tuesday-Blitz-October-24-2023"]
[Site "Chess.com"]
[Date "2023.10.24"]
[Round "8"]
[White "Mr_Lion22"]
[Black "Resignify"]
[Result "1/2-1/2"]
[WhiteElo "2480"]
[BlackElo "2317"]
[TimeControl "180+1"]
[EndTime "9:26:15 PDT"]
[Termination "Game drawn - insufficient material"]

1. d4 Nf6 2. c4 g6 3. Nc3 Bg7 4. e4 d6 5. Be2 O-O 6. Be3 e5 7. d5 a5 8. g4 Na6 9. h4 Nd7 10.
Qd2 f5 11. gxf5 gxf5 12. exf5 Ndc5 13. Nf3 Bxf5 14. Bh6 Bxh6 15. Qxh6 Qf6 16. Rg1+ Kh8 17. Qe3 Rg8 18. O-O-O Rxg1 19. Rxg1 Rg8 20. Rxg8+ Kxg8 21. Kd2 h6 22. Ke1 Kg7 23. h5 Nb4 24. Kf1 Kh7 25.
Nd2 Nc2 26. Qg3 Nd4 27. a3 Nxe2 28. Kxe2 Bd3+ 29. Ke1 Qf5 30. b4 axb4 31. axb4 Nd7 32. Qh4 Nf6 33. Nb5 Nxh5 34. Qe7+ Kg6 35. Nxc7 Qf6 36.
Qe8+ Qf7 37. Qd8 Qf6 38. Qg8+ Qg7 39. Qe6+ Qf6 40. Qg4+ Qg5 41. Qxg5+ hxg5 42. Ne8 b5 43. c5 dxc5 44. bxc5 Kf7 45. Nd6+ Ke7 46. N2e4 Nf4 47. c6 Nxd5 48. Kd2 Bxe4 49. Nxe4 Kd8 50. Nxg5 Kc7 51.
Nf7 Kxc6 52. Nxe5+ Kc5 53. Nd3+ Kc4 54. Kc2 b4 55.
Nc1 b3+ 56. Nxb3 Nb4+ 57. Kb2 Nd3+ 58. Ka3 Nxf2 1/2-1/2

[Event "Early-Titled-Tuesday-Blitz-October-24-2023"]
[Site "Chess.com"]
[Date "2023.10.24"]
[Round "8"]
[White "mind1mover"]
[Black "brm72"]
[Result "1-0"]
[WhiteElo "2808"]
[BlackElo "2574"]
[TimeControl "180+1"]
[EndTime "9:26:16 PDT"]
[Termination "mind1mover won by checkmate"]

1. Nf3 c5 2. b3 Nc6 3. Bb2 d6 4. d4 cxd4 5. Nxd4 e5 6. Nxc6 bxc6 7. c4 Nf6 8. g3 g6 9. Bg2 Qc7 10.
Nc3 Bg7 11. Ba3 Bf8 12. O-O Be7 13. Nb5 cxb5 14. Bxa8 bxc4 15. Rc1 Be6 16. bxc4 O-O 17. Bg2 Rb8 18. Rb1 Rxb1 19. Qxb1 Qxc4 20. Qb8+ Kg7 21.
Qxa7 Qxa2 22. Qxe7 Qxa3 23. Rd1 Qb2 24. Qxd6 Qxe2 25.
Bf1 Qe4 26. Qd3 Qc6 27. Bg2 Qc5 28. Qd6 Qc3 29. Qd2 Qc5 30. Qe3 Qxe3 31. fxe3 Ng4 32.
Re1 f5 33. h3 Nf6 34. Ra1 e4 35. Ra7+ Kg8 36. Bf1 Nd7 37. Bc4 Nc5 38. Be2 Bf7 39. Rc7 Ne6 40. Ra7 h6 41. Bc4 Ng5 42. Bf1 Kg7 43.
h4 Nf3+ 44. Kf2 Kf6 45. Ra6+ Kg7 46. Be2 Ne5 47. Ra5 Nc6 48. Rc5 Nd8 49. Ke1 Ne6 50. Ra5 Kf6 51. Bc4 g5 52. hxg5+ hxg5 53. Ra6 Ke5 54.
Bxe6 Bxe6 55. Kd2 Bd5 56. Ra5 Ke6 57. Kc3 Kd6 58. Kd4 Be6 59. Ra6+ Ke7 60. Ke5 Bc8 61. Rg6 g4 62. Rg7+ Kd8 63. Kd6 Ke8 64. Rg8+ Kf7 65.
Rxc8 Kf6 66. Rf8+ Kg6 67. Ke5 Kg7 68. Rxf5 Kg6 69. Kxe4 Kh6 70. Rf8 Kg7 71. Rf5 Kg6 72. Kf4 Kh6 73. e4 Kg6 74. e5 Kh7 75. Kxg4 Kh6 76.
Kf4 Kg6 77. e6 Kh6 78. e7 Kg6 79. e8=Q+ Kh7 80. Qf7+ Kh6 81. Rh5# 1-0

[Event "Early-Titled-Tuesday-Blitz-October-24-2023"]
[Site "Chess.com"]
[Date "2023.10.24"]
[Round "8"]
[White "GMWSO"]
[Black "OhanyanEminChess"]
[Result "0-1"]
[WhiteElo "3061"]
[BlackElo "2861"]
[TimeControl "180+1"]
[EndTime "9:26:17 PDT"]
[Termination "OhanyanEminChess won by resignation"]

1. b3 e5 2. Bb2 Nc6 3. e3 d5 4. Bb5 Bd6 5. Nf3 f6 6. c4 a6 7. Bxc6+ bxc6 8. d4 e4 9. Nfd2 f5 10. Ba3 Nf6 11. Bxd6 Qxd6 12. Nc3 f4 13. exf4 Qxf4 14. cxd5 cxd5 15. Nf1 O-O 16. Qd2 Qd6 17. Ne3 c6 18.
Rc1 Ng4 19. Ncd1 Nxh2 20. Rc3 Ng4 21. Nxg4 Bxg4 22. Ne3 Bd7 23. Nc2 a5 24. Rg3 a4 25.
b4 Qf6 26. a3 Rf7 27. O-O Qd6 28. Qe3 Raf8 29. Rg5 h6 30. Qg3 Qxg3 31. Rxg3 Bc8 32. b5 cxb5 33. Nb4 Bb7 34. Rc3 Rf4 35. Nc2 R4f7 36. Nb4 Rf4 37. Nc2 R4f6 38. Rc5 Rc6 39. Nb4 Rxc5 40. dxc5 Rc8 41. Rc1 d4 42. c6 Ba8 43. Kf1 Kf7 44. Rc5 Ke6 45. Ke2 Kd6 46. Rxb5 Bxc6 47. Ra5 Bb7 48. Rxa4 Rc3 49. Ra7 Bc8 50.
Rxg7 Rxa3 51. Rg6+ Kc5 52. Rc6+ Kxb4 53. Rxc8 Ra2+ 54. Ke1 Ra1+ 55. Ke2 Ra2+ 56. Ke1 d3 57. Re8 Re2+ 58. Kf1 Kc3 59. Rc8+ Kd2 60. g4 Re1+ 61. Kg2 Ke2 62. Re8 d2 63. Rxe4+ Kd3 0-1

[Event "Early-Titled-Tuesday-Blitz-October-24-2023"]
[Site "Chess.com"]
[Date "2023.10.24"]
[Round "8"]
[White "GeorgiosSouleidis"]
[Black "mbachez"]
[Result "1/2-1/2"]
[WhiteElo "2608"]
[BlackElo "2495"]
[TimeControl "180+1"]
[EndTime "9:26:20 PDT"]
[Termination "Game drawn - insufficient material"]

1. e4 c6 2. Nc3 d5 3. Nf3 Bg4 4.
h3 Bxf3 5. Qxf3 e6 6. d4 dxe4 7. Qxe4 Nf6 8. Qd3 Be7 9. Bd2 O-O 10. O-O-O c5 11. Be3 cxd4 12. Qxd4 Qa5 13. Qa4 Qxa4 14.
Nxa4 Nc6 15. g3 Nd5 16. Bc5 Bxc5 17. Nxc5 Rfc8 18. a3 Na5 19. Nd3 Rc7 20. Kb1 Rac8 21. Ne1 Nf6 22. Bg2 Kf8 23. c3 Nc4 24. Nc2 b5 25.
Rd3 Nd7 26. Rhd1 Nc5 27. Rd8+ Ke7 28. Rxc8 Rxc8 29. Nd4 a6 30. Ka2 Na4 31. Rd2 Ncxb2 32. Rxb2 Rxc3 33. Rd2 f5 34. Nc6+ Kf6 35. Nb4 a5 36.
Nc2 Rc5 37. Ne3 Nc3+ 38. Kb2 b4 39. axb4 axb4 40. Nc2 Rb5 41. Kb3 g5 42. h4 gxh4 43.
gxh4 Ne4 44. Bxe4 fxe4 45. Rd4 Rf5 46. Rxe4 Rxf2 47. Nxb4 Rh2 48. Nc6 e5 49. Kc4 Kf5 50. Rxe5+ Kg4 51. Re4+ Kh5 52. Ne5 Rxh4 53. Kd5 Rxe4 54.
Kxe4 Kg5 55. Kf3 h5 56. Kg3 h4+ 57. Kh3 Kf5 58. Nf3 Kf4 59. Nxh4 1/2-1/2

[Event "Early-Titled-Tuesday-Blitz-October-24-2023"]
[Site "Chess.com"]
[Date "2023.10.24"]
[Round "8"]
[White "UK_23"]
[Black "DTChess"]
[Result "0-1"]
[WhiteElo "2401"]
[BlackElo "2663"]
[TimeControl "180+1"]
[EndTime "9:26:21 PDT"]
[Termination "DTChess won by resignation"]

1. e4 e5 2. Nf3 Nc6 3. Bc4 Nf6 4.
d3 Bc5 5. O-O d6 6. c3 Bb6 7. Bb3 h6 8. Nbd2 Be6 9. Nc4 O-O 10.
h3 Qd7 11. Nxb6 axb6 12. Bxe6 fxe6 13. Re1 Qf7 14. d4 exd4 15. cxd4 d5 16. e5 Ne4 17. Be3 Ne7 18. Rc1 c6 19. a4 Nf5 20. Qb3 Ra6 21.
Ra1 Qg6 22. Re2 Rf7 23. Qb4 Nxe3 24. Rxe3 c5 25. Qb5 Rf8 26. a5 cxd4 27. Rb3 bxa5 28.
Rxa5 Rxa5 29. Qxa5 Kh7 30. Qb6 Ng5 31. Nxg5+ Qxg5 32.
Qxd4 Rf7 33. Rc3 Qg6 34. b3 Rf5 35. Re3 Rg5 36. g3 Rf5 37. Kg2 Rf7 38. b4 Rc7 39. Rc3 Rf7 40. b5 Qf5 41. Qe3 h5 42. h4 Qg4 43.
Rd3 Qg6 44. Rd4 Rf5 45. Rf4 Qf7 46. Rxf5 Qxf5 47. f4 Qc2+ 48. Qf2 Qe4+ 49. Qf3 Qf5 50. Kf2 Qc2+ 51. Kg1 g6 52. f5 Qxf5 53. Qe3 Qb1+ 54.
Kg2 Qxb5 55. Qg5 Qd7 56. g4 hxg4 57. h5 Qf7 58. hxg6+ Qxg6 59. Qe7+ Kg8 60. Qd8+ Kg7 61. Qe7+ Qf7 62. Qg5+ Kh7 63. Qh4+ Kg6 64. Qxg4+ Kh6 65. Qh4+ Qh5 66. Qd8 Qg5+ 67. Kf2 Qxd8 0-1

[Event "Early-Titled-Tuesday-Blitz-October-24-2023"]
[Site "Chess.com"]
[Date "2023.10.24"]
[Round "8"]
[White "Flaccidmoves"]
[Black "Krakozia"]
[Result "0-1"]
[WhiteElo "2435"]
[BlackElo "2937"]
[TimeControl "180+1"]
[EndTime "9:26:25 PDT"]
[Termination "Krakozia won by resignation"]

1. c4 e6 2. d4 Nf6 3. Nf3 d5 4. Nc3 c6 5. e3 Nbd7 6. Bd3 dxc4 7. Bxc4 b5 8. Bb3 Be7 9. O-O b4 10. Na4 O-O 11. Bd2 Ba6 12. Re1 c5 13. dxc5 Nxc5 14. Nxc5 Bxc5 15. Rc1 Rc8 16. Rxc5 Rxc5 17. Bxb4 Ne4 18.
Bxc5 Nxc5 19. Qxd8 Rxd8 20. Bc2 Bb7 21. Rd1 Rc8 22. Bb1 Na4 23. b3 Nc3 24. Re1 Nxb1 25. Rxb1 Rc2 26. a4 h6 27. Nd4 Ra2 28. f3 e5 29. Nb5 a6 30. Nd6 Bd5 31. e4 Be6 32. b4 Rxa4 33. b5 axb5 34. Rxb5 f6 35. Rb7 Ra8 36.
g4 Rd8 37. Nf5 Bxf5 38. gxf5 Rd2 39. Rc7 h5 40. h4 Kh7 41. Rb7 Kh6 42. Rf7 Ra2 43. Rf8 Kh7 44. Rf7 Ra1+ 45. Kg2 Rb1 46. Re7 Rb2+ 47. Kg3 Rb8 48. Rf7 Kh6 49. Re7 g6 50.
fxg6 Kxg6 51. Rd7 Rb3 52. Rc7 Rb1 53. Rd7 Rg1+ 54. Kf2 Rh1 55. Kg3 Rc1 56. Rb7 Rc6 57. Ra7 f5 58. Re7 f4+ 59. Kh3 Kf6 60. Rh7 Rc3 61. Kg2 Rc2+ 62. Kh3 Rf2 63. Rxh5 Rxf3+ 64. Kg2 Re3 65. Rh6+ Kg7 66. Re6 Rxe4 67. Kf3 Re3+ 68. Kg4 f3 69. Kg3 e4 70. h5 Re2 0-1

[Event "Early-Titled-Tuesday-Blitz-October-24-2023"]
[Site "Chess.com"]
[Date "2023.10.24"]
[Round "8"]
[White "balachess2006"]
[Black "adotand"]
[Result "1/2-1/2"]
[WhiteElo "2580"]
[BlackElo "2822"]
[TimeControl "180+1"]
[EndTime "9:26:30 PDT"]
[Termination "Game drawn - insufficient material"]

1. Nf3 b6 2. c4 Bb7 3. e3 e6 4.
Nc3 f5 5. b3 Nf6 6. Bb2 Be7 7.
d4 O-O 8. d5 Na6 9. Be2 Nc5 10.
O-O a5 11. Nd4 Qe8 12. Bf3 Bd6 13. dxe6 Bxf3 14. Qxf3 dxe6 15. Ndb5 Nd3 16. Nxd6 cxd6 17. Ba3 Rd8 18. Rad1 Nc5 19. h3 Rf7 20. Qe2 Rfd7 21. Rd4 e5 22. Rdd1 e4 23. Bxc5 dxc5 24. Rxd7 Rxd7 25.
Rd1 h6 26. Na4 Qe6 27. Rxd7 Nxd7 28. Qd2 Kf7 29. f4 exf3 30. gxf3 Ne5 31. Qg2 Qd6 32. f4 Nd7 33. Nc3 Nf6 34. Qb7+ Kg6 35. Qg2+ Kh7 36. Nd5 Ne4 37. h4 h5 38. Qf3 Qg6+ 39. Kh2 Kh6 40. Qg2 Qd6 41. Qh3 Qe6 42. Qg2 g6 43.
Qb2 Kh7 44. a4 Qd6 45. Qe5 Qxe5 46. fxe5 Kg7 47. Nxb6 Kf7 48. Nd5 Nd2 49. Nf4 Nxb3 50. e6+ Kf6 51. e7 Kxe7 52. Nxg6+ Kd6 53. Nf4 Nd2 54.
Nxh5 Nxc4 55. Kg3 Nb2 56. Nf4 Nxa4 57. h5 Ke7 58. Nd5+ Kf7 59. Kf4 Nb2 60. Kxf5 a4 61. Nc3 a3 62. Ke4 Nd1 63. Na2 c4 64. Kd4 c3 65.
Kd3 Kf6 66. Nxc3 Nf2+ 67. Ke2 Ng4 68. Kd3 Kg5 69. Kc2 Nxe3+ 70. Kb3 Kxh5 71. Kxa3 1/2-1/2

[Event "Early-Titled-Tuesday-Blitz-October-24-2023"]
[Site "Chess.com"]
[Date "2023.10.24"]
[Round "8"]
[White "amanjazu"]
[Black "krzyzan94"]
[Result "0-1"]
[WhiteElo "2404"]
[BlackElo "2739"]
[TimeControl "180+1"]
[EndTime "9:26:34 PDT"]
[Termination "krzyzan94 won by resignation"]

1. b3 d5 2. Bb2 Nf6 3. e3 g6 4. f4 Bg7 5. Nf3 O-O 6. Be2 c5 7. O-O Nc6 8. d3 d4 9. e4 Ng4 10. Bc1 b5 11. h3 Ne3 12. Bxe3 dxe3 13. c3 b4 14. Qc1 bxc3 15. Nxc3 Nd4 16. e5 Nxe2+ 17. Nxe2 Qxd3 18. Re1 Bb7 19. Nh2 Rac8 20.
Nc3 Qd2 21. Re2 Qd4 22. Qxe3 Rfd8 23. Rd1 Qxe3+ 24. Rxe3 f6 25. Rxd8+ Rxd8 26. Ng4 h5 27. Nf2 fxe5 28. fxe5 Rd2 29. Na4 Rxa2 30. Nxc5 Bd5 31. Rd3 e6 32. Nd7 Ra1+ 33. Kh2 Ra2 34. Kg1 Kf7 35. g4 Ke7 36. Nf6 Bxf6 37. exf6+ Kxf6 38. gxh5 gxh5 39. Nd1 Rg2+ 40. Kf1 Ra2 41. Ne3 Be4 42.
Rd4 Bg6 43. Rb4 a5 44. Rb6 Bd3+ 45. Kg1 Ke5 46. Ng2 Be4 47. Ne3 Kf4 48. Nc4 Rg2+ 49. Kf1 Rh2 50. Rxe6 Bd3+ 51. Kg1 Rxh3 52. Nd2 Bf5 53.
Re1 Rg3+ 54. Kf2 h4 55. Nf1 Rxb3 56. Ne3 Rb2+ 57. Kg1 Be4 58. Nc4 Rg2+ 59. Kf1 Rh2 60. Kg1 Rh1+ 61. Kf2 Rxe1 62. Kxe1 h3 0-1

[Event "Early-Titled-Tuesday-Blitz-October-24-2023"]
[Site "Chess.com"]
[Date "2023.10.24"]
[Round "8"]
[White "Kirill_Klukin"]
[Black "cthulhuuu"]
[Result "1-0"]
[WhiteElo "2636"]
[BlackElo "2401"]
[TimeControl "180+1"]
[EndTime "9:26:38 PDT"]
[Termination "Kirill_Klukin won by checkmate"]

1. d4 Nf6 2. c4 e5 3. dxe5 Ng4 4.
e3 Nxe5 5. Nc3 Bb4 6. Bd2 a5 7. a3 Bc5 8. f4 Ng6 9. Nf3 O-O 10. Qc2 Re8 11. O-O-O Bxe3 12. Bxe3 Rxe3 13. Nd5 Re8 14. f5 Ne7 15. Nf4 f6 16. g4 Nbc6 17. g5 d6 18. Bd3 Rf8 19. Rhg1 Ne5 20. gxf6 Nxd3+ 21. Qxd3 Rxf6 22. Rxg7+ Kxg7 23. Nh5+ Kh8 24. Nxf6 Qf8 25. Qc3 Bxf5 26. Rg1 Ng6 27. Ng5 Qg7 28. Ngxh7 Qh6+ 29. Qd2 Qxd2+ 30. Kxd2 Kg7 31. h4 Rh8 32. h5 b5 33. hxg6 Bxg6 34. cxb5 a4 35. Kc3 Rb8 36. Kb4 c6 37. Kxa4 Rxb5 38. b3 Kf7 39. Rf1 Bc2 40.
Rf3 Kg6 41. Nf8+ Kf7 42. N8d7 Bd1 43. Rc3 Ke6 44. Rxc6 Rxb3 45. Ka5 Rxa3+ 46. Kb6 Rb3+ 47.
Kc7 Rb2 48. Rxd6+ Kf5 49. Rxd1 Rc2+ 50. Kd6 Rc4 51. Nd5 Ra4 52. Nc5 Ra8 53. Rf1+ Kg4 54. Ke5 Kg3 55. Ne4+ Kg2 56. Rf7 Re8+ 57. Kf4 Rh8 58.
Ne3+ Kh1 59. Ra7 Rh4+ 60. Kf3 Rh8 61. Ra1+ Kh2 62. Ng4+ Kh3 63. Rh1# 1-0

[Event "Early-Titled-Tuesday-Blitz-October-24-2023"]
[Site "Chess.com"]
[Date "2023.10.24"]
[Round "8"]
[White "SharapovEvgeny"]
[Black "NikolaGry"]
[Result "0-1"]
[WhiteElo "2615"]
[BlackElo "2749"]
[TimeControl "180+1"]
[EndTime "9:26:40 PDT"]
[Termination "NikolaGry won by checkmate"]

1. e4 d5 2. exd5 Nf6 3. d4 Bg4 4. f3 Bf5 5. Bb5+ Nbd7 6. c4 a6 7.
Bxd7+ Qxd7 8. Nc3 O-O-O 9. Nge2 e6 10. dxe6 Qxe6 11. d5 Qb6 12. Qb3 Qa7 13. Bf4 Bc5 14. O-O-O Rhe8 15. Rd2 Nh5 16. g4 Nxf4 17. Nxf4 Be3 18.
Rd1 Bxf4 19. gxf5 Bxd2+ 20. Rxd2 Re1+ 21. Kc2 Qg1 22. Ne2 Qf1 23. Qe3 g6 24. c5 Qh3 25. fxg6 hxg6 26. Qe4 Qf5 27. Qxf5+ gxf5 28. d6 cxd6 29. cxd6 Kd7 30. Ng3 Rc8+ 31. Kb3 Re3+ 32. Kb4 Rxf3 33. Nh5 b6 34. Nf6+ Ke6 35. Nd5 Rd8 36.
Nxb6 Rxd6 37. Re2+ Kf6 38. Nc4 Rd4 39. Kc5 Rh4 40.
b3 Rfh3 41. Ne3 Re4 42. Nd5+ Ke5 43. Rd2 f4 44. Nc7 Rc3+ 45. Kb6 Rb4+ 46. Ka5 Rxc7 47. Kxb4 Ke4 48. Ka5 Rc6 49. b4 Ke3 50. Rd1 f3 51. a4 Ke2 52. Ra1 f2 53. b5 axb5 54. axb5 Rc5 55. Kb4 Rf5 56. b6 f1=Q 57. Rxf1 Rxf1 58. h4 Rb1+ 59. Kc5 f5 60. h5 f4 61. h6 Rc1+ 62. Kd6 Rh1 63. b7 Rxh6+ 64. Ke5 Rh8 65. Kxf4 Rb8 66.
Ke5 Rxb7 67. Kd5 Rb2 68. Kc4 Rd2 69. Kc3 Rd3+ 70. Kc2 Ke3 71. Kc1 Kd4 72. Kc2 Kc4 73.
Kb2 Rc3 74. Kb1 Kb3 75. Ka1 Rc1# 0-1

[Event "Early-Titled-Tuesday-Blitz-October-24-2023"]
[Site "Chess.com"]
[Date "2023.10.24"]
[Round "8"]
[White "Malev212"]
[Black "GMSrinath"]
[Result "1/2-1/2"]
[WhiteElo "2638"]
[BlackElo "2818"]
[TimeControl "180+1"]
[EndTime "9:26:44 PDT"]
[Termination "Game drawn by repetition"]

1. Nf3 d5 2. e3 Nf6 3. d4 c5 4.
Be2 Nc6 5. O-O cxd4 6. exd4 Bg4 7. c3 e6 8. Bf4 Bd6 9. Bxd6 Qxd6 10. Nbd2 O-O 11. Re1 Rfe8 12. h3 Bh5 13. Ne5 Bxe2 14. Qxe2 Nd7 15. Nxd7 Qxd7 16. Nf3 Rab8 17. Ne5 Nxe5 18.
Qxe5 f6 19. Qg3 b5 20. a3 a5 21. Re3 b4 22. axb4 axb4 23. Ra6 Rb7 24. Rd6 Qc8 25. Kh2 bxc3 26. bxc3 Rb1 27. h4 Re7 28. Rxd5 Qc4 29. Rc5 Qf1 30. Qf4 Re1 31. Kg3 Rxe3+ 32. Qxe3 Kf7 33. Rc6 Qb5 34. Qf3 h5 35. Rc5 Qb8+ 36.
Kh3 g6 37. g3 Rb7 38. Kg2 Rb6 39. Qe3 Qb7+ 40. Qf3 Qd7 41. Ra5 Rb1 42. Rc5 Qa7 43.
Qe4 Rb6 44. Rc6 Rxc6 45. Qxc6 Qe7 46. c4 Qd8 47. Qe4 Qd6 48. c5 Qd7 49. Qa8 Qxd4 50. Qb7+ Ke8 51. Qc6+ Ke7 52. Qc7+ Qd7 53. Qb6 Qd5+ 54.
Kg1 Qd4 55. Qc7+ Ke8 56. Qb6 Qd1+ 57. Kg2 Qd5+ 58. Kg1 Qd1+ 59. Kh2 Qd5 60. c6 Qc4 61. Qb8+ Ke7 62. c7 Qc5 63. c8=Q Qxf2+ 64. Kh1 Qf1+ 65.
Kh2 Qf2+ 66. Kh1 Qf1+ 67. Kh2 Qf2+ 1/2-1/2

[Event "Early-Titled-Tuesday-Blitz-October-24-2023"]
[Site "Chess.com"]
[Date "2023.10.24"]
[Round "8"]
[White "Marcin"]
[Black "knightinshiningarmour16"]
[Result "1-0"]
[WhiteElo "2434"]
[BlackElo "2175"]
[TimeControl "180+1"]
[EndTime "9:26:44 PDT"]
[Termination "Marcin won by checkmate"]

1. d4 Nf6 2. c4 e6 3. Nf3 Bb4+ 4. Bd2 Bxd2+ 5. Qxd2 b6 6. g3 Bb7 7. Bg2 O-O 8. Nc3 d6 9. Qc2 c5 10. Rd1 cxd4 11.
Rxd4 Qe7 12. O-O Na6 13. Rfd1 Nb4 14. Qa4 d5 15. cxd5 Nbxd5 16. Nxd5 Bxd5 17. Ne5 Bxg2 18. Kxg2 Qb7+ 19. f3 h6 20. e4 Qc7 21. Nc6 a6 22. Rd6 b5 23. Qc2 Rfc8 24. Qc5 Kh7 25. Rc1 Ne8 26. Rd2 Qb7 27. Rdc2 Qd7 28. Ne5 Rxc5 29. Nxd7 Rxc2+ 30. Rxc2 Ra7 31. Ne5 Nd6 32. Rc6 Ne8 33. Kf2 Kg8 34. Nd3 Nf6 35. Nc5 a5 36. Rc8+ Kh7 37. Ke3 Nd7 38. Nxd7 Rxd7 39. Rc5 Rb7 40. e5 Kg6 41. Ke4 Kg5 42. h4+ Kg6 43. g4 f6 44. h5+ Kf7 45. exf6 gxf6 46. f4 Ke7 47. Rc6 Kd7 48. Ra6 a4 49. a3 Rc7 50.
Rb6 Rc4+ 51. Ke3 Rc5 52. Rb8 Kd6 53. Rh8 Rc2 54. Rxh6 Rxb2 55. Rxf6 Rb3+ 56. Ke4 Rxa3 57. h6 Rh3 58. g5 a3 59. Rf8 b4 60. Ra8 Rh2 61. Kf3 a2 62. Kg3 Rh1 63. Rxa2 b3 64. Rb2 Rxh6 65. gxh6 e5 66. fxe5+ Kxe5 67. Rxb3 Kf6 68.
Rb7 Kg6 69. h7 Kg5 70. h8=Q Kg6 71. Qg7+ Kh5 72. Rb5# 1-0

[Event "Early-Titled-Tuesday-Blitz-October-24-2023"]
[Site "Chess.com"]
[Date "2023.10.24"]
[Round "8"]
[White "vaniavindy"]
[Black "BeautiFullMindChess"]
[Result "1-0"]
[WhiteElo "2174"]
[BlackElo "2227"]
[TimeControl "180+1"]
[EndTime "9:26:44 PDT"]
[Termination "vaniavindy won on time"]

1. d4 Nf6 2. c4 g6 3. Nc3 d5 4. cxd5 Nxd5 5. e4 Nxc3 6. bxc3 Bg7 7.
Bc4 O-O 8. Ne2 c5 9. O-O Nc6 10.
Be3 Bg4 11. f3 Bd7 12. Rb1 cxd4 13. cxd4 Rc8 14. Bd3 Na5 15. d5 b6 16. Ba6 Ra8 17. Bd4 e6 18. d6 e5 19. Be3 Qf6 20. Nc3 Rfd8 21. Nd5 Qxd6 22. Bg5 Qc5+ 23. Kh1 Re8 24. Nxb6 axb6 25. Qxd7 h6 26. Bh4 Re6 27. Bb5 Rd6 28. Qg4 h5 29. Qg3 Bf6 30. Bxf6 Rxf6 31. Rfc1 Qe7 32. a4 Rd6 33. h3 Rad8 34. Qf2 Kg7 35. Rc2 h4 36. Rbc1 Qg5 37. Kh2 Nb3 38. Re1 Rd2 39.
Rxd2 Rxd2 40. Re2 Rxe2 41. Qxe2 Nd4 42. Qf2 Qf4+ 43. Kg1 Qc1+ 44. Qf1 Qe3+ 45. Kh1 Qf4 46. Bc4 Nc2 47. Ba2 Ne3 48. Qe2 Qg5 49. Kg1 Qf4 50. Kf2 Nxg2 51. Kxg2 Qg3+ 52. Kf1 Qxh3+ 53. Qg2 Qd7 54.
Qc2 h3 55. Bd5 Qe7 56. f4 exf4 57. Qc3+ Kh7 58. Qxh3+ Kg8 59. Qg4 Qe5 60. Kg2 Kg7 61. Kf3 g5 62. Qf5 Qc3+ 63. Kf2 Qg3+ 64. Kf1 f6 65. Qd7+ Kh6 66. Qf5 Kg7 67. Qd7+ 1-0

[Event "Early-Titled-Tuesday-Blitz-October-24-2023"]
[Site "Chess.com"]
[Date "2023.10.24"]
[Round "8"]
[White "carloseduar100"]
[Black "MANOJ_MISHRA123"]
[Result "1-0"]
[WhiteElo "2302"]
[BlackElo "2170"]
[TimeControl "180+1"]
[EndTime "9:26:49 PDT"]
[Termination "carloseduar100 won on time"]

1. d4 Nf6 2. Bg5 d5 3. Nd2 Bf5 4. Bxf6 gxf6 5. g3 e5 6. Bg2 exd4 7. Ngf3 c5 8. O-O Nc6 9. Re1 Bd6 10. e4 dxe4 11. Nxe4 Ne5 12. c3 Bxe4 13. Rxe4 dxc3 14. bxc3 O-O 15. Nh4 Bc7 16. Qh5 Qd2 17. Rae1 Rad8 18. Nf5 Qg5 19. Qxg5+ fxg5 20. Rxe5 Bxe5 21. Rxe5 Rd1+ 22.
Bf1 b6 23. Kg2 Rc1 24. Ne7+ Kg7 25. c4 f6 26. Re3 Rd8 27. Nd5 Rd7 28. Re6 Rf7 29.
Be2 Kg6 30. Bd3+ Kg7 31. Ne7 Rc3 32. Nf5+ Kf8 33. Rd6 Rc7 34. Rxf6+ Rf7 35. Rxf7+ Kxf7 36. Bf1 Rc2 37. Nd6+ Ke6 38. Ne4 h6 39. a4 Ra2 40.
Nc3 Ra3 41. Nd5 Rxa4 42. f4 g4 43. Bd3 Ra3 44. Bg6 Ra2+ 45. Kg1 Ra1+ 46. Kf2 a5 47. f5+ Ke5 48. f6 Ra2+ 49. Ke3 Ra3+ 50. Bd3 Ke6 51. Nxb6 Kxf6 52. Nd7+ Ke7 53. Nxc5 Ra2 54. Be2 h5 55. Nd3 a4 56. c5 a3 57. Nb4 Rb2 58. Nd5+ Ke6 59. Nc3 Rc2 60. Bc4+ Kd7 61. Kd3 1-0

[Event "Early-Titled-Tuesday-Blitz-October-24-2023"]
[Site "Chess.com"]
[Date "2023.10.24"]
[Round "8"]
[White "falzehope0"]
[Black "chess_blitz00"]
[Result "0-1"]
[WhiteElo "2331"]
[BlackElo "2500"]
[TimeControl "180+1"]
[EndTime "9:26:54 PDT"]
[Termination "chess_blitz00 won on time"]

1. d4 g6 2. e3 Bg7 3. Bd3 d6 4. f4 e5 5. Ne2 Nc6 6. d5 Nb4 7. Bc4 Qh4+ 8. Ng3 Bf5 9. Na3 Nf6 10. c3 Na6 11. Qa4+ Bd7 12. Bb5 Nc5 13. Bxd7+ Nfxd7 14. Qc2 Nf6 15. O-O Ng4 16. h3 Qxg3 17. hxg4 Qxg4 18.
b4 Na6 19. Qa4+ Qd7 20. Qd1 exf4 21. Qd3 Nxb4 22. Qc4 Na6 23. exf4 O-O 24. Be3 Rfe8 25. Bd4 Nc5 26. Bxc5 dxc5 27. Qxc5 b6 28. Qc4 Rad8 29. Rad1 Qd6 30. Nb5 Qe7 31. Nxc7 Qe3+ 32. Kh1 Re4 33. Qd3 Qxd3 34. Rxd3 Rc4 35. Nb5 a6 36. Na7 Rc7 37. d6 Rxa7 38. Rfd1 Rad7 39. Rd5 Bf8 40. c4 Rxd6 41. Kg1 Rxd5 42. cxd5 Bd6 43. Kf1 Bc5 44. g3 Rd6 45. Ke2 Kg7 46. Kd3 h5 47. Kc4 h4 48.
gxh4 Rf6 49. Rf1 Bd6 50. f5 Rxf5 51. Rb1 Rf4+ 52. Kd3 Rb4 53. Rh1 a5 54. h5 gxh5 55. Rxh5 a4 56. Rg5+ Kf6 57. Rg8 a3 58. Ra8 Rb2 59.
Ra6 Ke5 60. Kc4 b5+ 61. Kc3 b4+ 62. Kc4 Rc2+ 63. Kb3 Rc3+ 64. Ka4 Kxd5 65. Ra5+ Rc5 66. Ra8 f5 67. Kb3 f4 68. Rf8 Rc3+ 69. Ka4 f3 70. Rf7 Rc2 71. Rf5+ Be5 72. Rxf3 Rxa2 73. Kxb4 Bd6+ 74.
Kb3 Rb2+ 75. Ka4 Rb4+ 76. Ka5 a2 77. Ra3 Rb5+ 78. Ka4 Bxa3 0-1